 Dungeon Crawl Stone Soup version 0.21-a0-630-g344d351 (webtiles) character file.

214 slep the Slasher (level 5, -4/39 HPs)
             Began as a Demonspawn Gladiator on Dec 26, 2017.
             Slain by an orc
             ... wielding a +0 hand axe
              (7 damage)
             ... on level 3 of the Dungeon.
             The game lasted 00:07:08 (2354 turns).

slep the Slasher (Demonspawn Gladiator)             Turns: 2354, Time: 00:07:09

Health: -4/39      AC:  4    Str: 14    XL:     5   Next: 59%
Magic:  5/5        EV: 13    Int:  9    God:
Gold:   143        SH:  3    Dex: 16    Spells: 4/4 levels left

rFire    . . .     SeeInvis +   a - +0 long sword
rCold    + . .     Gourm    .   (no shield)
rNeg     . . .     Faith    .   b - +0 leather armour
rPois    .         Spirit   .   c - +0 helmet
rElec    .         Reflect  +   (no cloak)
rCorr    .         Harm     .   (no gloves)
MR       .....                  (no boots)
Stlth    ++........             h - +3 amulet of reflection
HPRegen  0.13/turn              i - ring of see invisible
MPRegen  0.09/turn              o - ring of protection from cold

@: lethally poisoned (-4 -> -5)
A: claws 1, rot immunity
a: no special abilities


You were on level 3 of the Dungeon.
You were not hungry.

You visited 1 branch of the dungeon, and saw 4 of its levels.

You collected 143 gold pieces.

Inventory:

Hand Weapons
 a - a +0 long sword (weapon)
Missiles
 d - 3 throwing nets (quivered)
 q - 18 sling bullets
 s - 5 tomahawks
Armour
 b - a +0 leather armour (worn)
 c - a +0 helmet (worn)
Jewellery
 h - a +3 amulet of reflection (around neck)
 i - a ring of see invisible (left claw)
 o - a ring of protection from cold (right claw)
Scrolls
 e - a scroll of fog {unknown}
 j - 3 scrolls of identify {unknown}
 k - 2 scrolls of enchant weapon {unknown}
 l - 2 scrolls of remove curse {unknown}
 m - 4 scrolls of immolation {unknown}
Potions
 g - 2 potions of flight {unknown}
 n - a potion of magic {unknown}
 r - a potion of degeneration {unknown}
Comestibles
 f - 3 rations
 p - 2 chunks of flesh


   Skills:
 + Level 2.7 Fighting
 + Level 4.3 Long Blades
 + Level 1.8 Throwing
 + Level 1.8 Armour
 + Level 3.5 Dodging
 + Level 1.0 Stealth


You had 4 spell levels left.
You didn't know any spells.

Dungeon Overview and Level Annotations

Branches:
Dungeon (4/15)
 Temple: D:4-7

Altars:
Kikubaaqudgha


Innate Abilities, Weirdness & Mutations

You have sharp fingernails.
You are immune to rotting.


Message History

The orc splashes around in the water.
The orc hits you with a flail!
* * * LOW HITPOINT WARNING * * *
You block the orc's attack.
You hit the orc.
The orc is lightly wounded.
The orc splashes around in the water.
The orc hits you but does no damage.
The orc splashes around in the water.
The orc closely misses you.
You hit the orc.
The orc is moderately wounded.
The orc closely misses you.
You riposte.
You closely miss the orc.
The orc is lightly wounded.
The orc barely misses you. x2
You hit the orc but do no damage.
The orc is lightly wounded.
You feel sick. The orc closely misses you.
The orc splashes around in the water.
The orc completely misses you.
You hit the orc.
You kill the orc!
The orc closely misses you. The orc hits you with a hand axe!
You die...

.≈≈≈≈≈≈≈≈≈≈.≈#
.≈≈≈≈.♣.≈≈≈≈.#
..≈≈≈♣_≈≈≈≈..#
≈.≈≈≈≈♣.≈≈≈≈≈#
.≈≈≈≈≈≈≈≈≈≈≈.#
..≈≈≈≈≈≈≈≈≈≈.###
.≈≈≈≈≈≈≈≈≈≈≈.!..
..≈..≈≈))≈≈..##.
.≈..$.o@o....# #
##############
#.. .... .#...
..... .....
..... ##...


You could see 2 orcs.

Vanquished Creatures
  An orc priest (D:2)
  An orc wizard (D:3)
  2 gnolls (D:2)
  5 adders
  2 oozes
  2 worms (D:2)
  A dart slug (D:2)
  A leopard gecko (D:2)
  7 orcs
  4 bats
  3 giant cockroaches (D:1)
  8 hobgoblins
  5 jackals (D:2)
  2 quokkas
  A ball python (D:2)
  4 frilled lizards
  7 goblins
  5 kobolds
  A leopard gecko skeleton (D:3)
  9 rats
71 creatures vanquished.

Notes
Turn   | Place    | Note
-------+----------+-------------------------------------------
     0 | D:1      | slep the Demonspawn Gladiator began the quest for the Orb.
     0 | D:1      | Reached XP level 1. HP: 16/16 MP: 1/1
   185 | D:1      | Reached skill level 3 in Long Blades
   231 | D:1      | Gained mutation: You are immune to rotting. [demonic ancestry]
   231 | D:1      | Reached XP level 2. HP: 22/22 MP: 2/2
   978 | D:2      | Reached XP level 3. HP: 18/27 MP: 3/3
  1058 | D:2      | Found an ancient bone altar of Kikubaaqudgha.
  1108 | D:2      | Reached skill level 1 in Armour
  1169 | D:2      | Gained mutation: You have sharp fingernails. [demonic ancestry]
  1169 | D:2      | Reached XP level 4. HP: 9/34 MP: 4/4
  1973 | D:2      | Reached skill level 4 in Long Blades
  1973 | D:2      | Reached XP level 5. HP: 15/39 MP: 5/5
  2205 | D:3      | Reached skill level 1 in Stealth
  2336 | D:3      | Found a faded altar of an unknown god.
  2354 | D:3      | Slain by an orc

Vault maps used:
D:1:      dpeg_arrival_arbitrary_a, minmay_misc_feat_ornament
D:2:      lemuel_doored_altar, serial_bayou, serial_bayou_shore_b,
          serial_bayou_pond_b, serial_bayou_ford_a, serial_bayou_pond_b,
          first_ration, cheibrodos_gnoll_hut
D:3:      chequers_ecumenical_altar_island, uniq_jessica
D:4:      uniq_blork_the_orc, uniq_eustachio

Skill      XL: |  1  2  3  4  5 |
---------------+----------------+-----
Long Blades    | 3 4 |  4.3
Dodging        | 3 |  3.5
Armour         | 1 |  1.8
Stealth        | 1 |  1.0
Fighting       | |  2.7
Throwing       | |  1.8

Action                   |  1- 3 |  4- 6 || total
-------------------------+-------+-------++-------
Melee: Long sword        |   112 |    93 ||   205
 Stab: Sleeping          |     1 |     1 ||     2
  Eat: Chunk             |     1 |     4 ||     5
Armor: Leather armour    |    32 |    29 ||    61
Dodge: Dodged            |    70 |    74 ||   144
Block: Other             |    15 |    19 ||    34
       Reflection        |     1 |       ||     1
       Rpst.: Long sword |    22 |    26 ||    48

Table legend:
 A = Spawn XP
 B = Non-spawn XP
 C = Spawn XP percentage of total XP
 D = Spawn monster count
 E = Non-spawn monster count
 F = Spawn count percentage of total count
 G = Total turns spent on level
                    A         B        C        D         E        F      G
               +---------+---------+-------+---------+---------+-------+---------
         Total |       0 |     306 |   0.0 |       0 |      71 |   0.0 |  2354
               +---------+---------+-------+---------+---------+-------+---------
           D:1 |       0 |      35 |   0.0 |       0 |      20 |   0.0 |   913
           D:2 |       0 |     177 |   0.0 |       0 |      36 |   0.0 |  1227
           D:3 |       0 |      91 |   0.0 |       0 |      14 |   0.0 |   166
           D:4 |       0 |       3 |   0.0 |       0 |       1 |   0.0 |    48
               +---------+---------+-------+---------+---------+-------+---------
